 Dungeon Crawl Stone Soup version 0.17.1-3-g152610e (webtiles) character file.

5067 Alarkh the Quickloader (level 10, -1/74 HPs)
             Began as a Mummy Hunter on Apr 25, 2016.
             Was an Elder of Okawaru.
             Killed from afar by a gargoyle (12 damage)
             ... with a stone arrow
             ... on level 9 of the Dungeon.
             The game lasted 00:15:07 (8689 turns).

Alarkh the Quickloader (Mummy Hunter)               Turns: 8689, Time: 00:15:07

Health: -1/74      AC: 14    Str: 15    XL:     10   Next: 31%
Magic:  8/10       EV: 18    Int: 14    God:    Okawaru [****..]
Gold:   456        SH:  0    Dex: 13    Spells: 0 memorised, 9 levels left

rFire  x . .     SeeInvis .     b - +1 hand crossbow
rCold  + . .     Clarity  .     h - quicksilver dragon armour
rNeg   + + +     SustAt   .     (no shield)
rPois  ∞         Gourm    .     y - +0 helmet
rElec  .         Spirit   .     j - +0 cloak
rCorr  .         Warding  .     (no gloves)
rMut   .         Stasis   .     (no boots)
MR     ++...                    (no amulet)
Stlth  ++........               (no ring)
                                p - +3 ring of evasion

@: heroism, very resistant to hostile enchantments, unstealthy
A: no food or potions, fire vulnerability, cold resistance 1, negative energy
resistance 3, torment resistance, unbreathing
a: Heroism, Renounce Religion


You were on level 9 of the Dungeon.
You worshipped Okawaru.
Okawaru was greatly pleased with you.
You were not hungry.

You visited 2 branches of the dungeon, and saw 11 of its levels.

You collected 456 gold pieces.

Inventory:

Hand Weapons
 a - a +1 short sword of venom
 b - a +1 hand crossbow (weapon)
 f - a +0 short sword
 x - a +2 demon whip of electrocution
Missiles
 d - 39 bolts (quivered)
 z - 2 throwing nets
Armour
 c - a +0 leather armour
 h - a quicksilver dragon armour (worn)
 j - a +0 cloak (worn)
 y - a +0 helmet (worn)
Jewellery
 p - a +3 ring of evasion (left hand)
Wands
 o - a wand of digging (15)
 u - a wand of slowing (26)
 v - a wand of magic darts (30)
 B - a wand of fire (9)
Scrolls
 e - 5 scrolls of teleportation
 g - 2 scrolls of magic mapping {unknown}
 i - 7 scrolls of remove curse
 k - 2 scrolls of enchant armour
 l - 2 scrolls of blinking
 m - 2 scrolls of amnesia
 n - a scroll of recharging
 q - 6 scrolls of noise {unknown}
 r - a scroll of immolation {unknown}
 s - a scroll of fear {unknown}
 t - a scroll of silence {unknown}
 w - a scroll of identify
 A - a scroll of fog {unknown}
 C - a scroll of holy word {unknown}
Books
 D - a book of Necromancy

   Spells                             Type                      Level
   a - Pain                           Necromancy                   1
   b - Animate Skeleton               Necromancy                   1
   c - Vampiric Draining              Necromancy                   3
   d - Regeneration                   Charms/Necromancy            3
   e - Animate Dead                   Necromancy                   4
   f - Control Undead                 Necromancy                   4


   Skills:
 + Level 5.0(10.0) Fighting
 * Level 11.6(16.6) Crossbows
 + Level 2.1(7.1) Armour
 + Level 4.0(9.0) Dodging
 - Level 0.7(5.7) Stealth


You had 9 spell levels left.
You didn't know any spells.

Dungeon Overview and Level Annotations

Branches:
Dungeon (10/15)            Temple (1/1) D:4
   Lair: D:8-11         Orc: D:9-12

Altars:
Ashenzari
Cheibriados
Dithmenos
Elyvilon
Fedhas
Gozag
Kikubaaqudgha
Makhleb
Nemelex Xobeh
Okawaru
Qazlal
Ru
Sif Muna
Trog
Vehumet
Xom
Yredelemnul
Zin
The Shining One


Innate Abilities, Weirdness & Mutations

You do not eat or drink.
Your flesh is vulnerable to fire.
You are immune to poison.
Your flesh is cold resistant.
You are immune to negative energy.
You are immune to unholy pain and torment.
You can survive without breathing.


Message History

You shoot a bolt.
The bolt hits the gargoyle but does no damage.
The gargoyle is almost destroyed.
The gargoyle hits you but does no damage.
Firing (i - inventory. (,) - cycle):
d - 41 bolts (quivered)
Press: ? - help, Shift-Dir - straight line, f/p - gargoyle
Aim: a gargoyle, wielding a flail (almost destroyed)
You shoot a bolt. The bolt hits the gargoyle.
The gargoyle is almost destroyed.
The gargoyle hurls a stone arrow at you.
The stone arrow misses you.
Firing (i - inventory. (,) - cycle):
d - 40 bolts (quivered)
Press: ? - help, Shift-Dir - straight line, f/p - gargoyle
Aim: a gargoyle, wielding a flail (almost destroyed)
You shoot a bolt.
The bolt hits the gargoyle but does no damage.
The gargoyle is almost destroyed.
The gargoyle hurls a stone arrow at you.
The stone arrow hits you!
You die...

#..............§≈§§
###............§§≈≈
#..#...............
##.................
##>................
#>..........†......
##>................
#.##...............
##@9.....(.......§§
#.)#)............§≈
###.............≈≈§
###.......#.....≈§≈
#.#......###....§≈≈
#.......## ##..§§§≈
##.......###.......
##.......#........
##.#.............


You could see a gargoyle.

Vanquished Creatures
  A hippogriff (D:8)
  A hungry ghost (D:10)
  3 orc warriors
  3 sky beasts
  The ghost of Charly the Sneak, an amateur VSAs (D:6)
  Duvessa (D:4)
  An ice beast (D:7)
  2 phantoms
  A black bear (D:6)
  3 ogres
  3 centaurs
  2 big kobolds
  3 necrophages
  10 giant frogs
  Dowan (D:4)
  3 scorpions
  An electric eel (D:7)
  4 wights (D:6)
  A giant frog zombie (D:8)
  5 crimson imps
  5 killer bees (D:3)
  6 orc priests
  10 orc wizards
  A giant frog skeleton (D:6)
  A gnoll shaman (D:5)
  A quasit (D:7)
  A centaur skeleton (D:6)
  7 hounds
  6 worker ants
  Jessica (D:2)
  Terence (D:3)
  An iguana (D:7)
  2 hound skeletons (D:8)
  A worker ant zombie (D:5)
  7 gnolls
  11 adders
  2 shadow imps
  An adder zombie (D:8)
  3 adder skeletons
  3 worms
  4 giant geckos
  21 orcs
  11 bats
  3 giant cockroaches
  7 hobgoblins
  11 jackals
  5 quokkas
  A ball python (D:4)
  A ball python skeleton (D:4)
  4 giant newts
  6 goblins
  A goblin skeleton (D:6)
  2 goblin zombies (D:6)
  2 hobgoblin zombies (D:6)
  15 kobolds
  4 kobold skeletons (D:6)
  A kobold zombie (D:6)
  2 orc zombies (D:6)
  9 rats
231 creatures vanquished.

Vanquished Creatures (others)
  A worker ant (D:4)
1 creature vanquished.

Grand Total: 232 creatures vanquished

Notes
Turn   | Place    | Note
--------------------------------------------------------------
     0 | D:1      | Alarkh the Mummy Hunter began the quest for the Orb.
     0 | D:1      | Reached XP level 1. HP: 16/16 MP: 1/1
    24 | D:1      | Reached XP level 2. HP: 22/22 MP: 2/2
   192 | D:1      | Reached skill level 4 in Crossbows
   328 | D:1      | Reached XP level 3. HP: 23/27 MP: 3/3
   871 | D:2      | Noticed Jessica
   876 | D:2      | Killed Jessica
   876 | D:2      | Reached XP level 4. HP: 26/33 MP: 4/4
  1319 | D:2      | Reached skill level 5 in Crossbows
  1548 | D:3      | Noticed Terence
  1562 | D:3      | Killed Terence
  1604 | D:3      | Found an ancient bone altar of Kikubaaqudgha.
  1619 | D:3      | Reached XP level 5. HP: 28/38 MP: 5/5
  1806 | D:3      | Found an opulent altar of Gozag.
  1908 | D:3      | Reached skill level 6 in Crossbows
  1917 | D:3      | Reached XP level 6. HP: 8/44 MP: 6/6
  2328 | D:4      | Found a shattered altar of Ashenzari.
  2336 | D:4      | Noticed Duvessa
  2336 | D:4      | Noticed Dowan
  2339 | D:4      | Found a bloodstained altar of Trog.
  2352 | D:4      | Killed Duvessa
  2355 | D:4      | Killed Dowan
  2355 | D:4      | Reached skill level 7 in Crossbows
  2355 | D:4      | Reached XP level 7. HP: 31/50 MP: 7/7
  2588 | D:4      | Found a radiant altar of Vehumet.
  2863 | D:4      | Found a staircase to the Ecumenical Temple.
  3163 | Temple   | Entered the Ecumenical Temple
  3254 | Temple   | Became a worshipper of Warmaster Okawaru
  3279 | D:5      | Entered Level 5 of the Dungeon
  3419 | D:5      | Reached skill level 8 in Crossbows
  3964 | D:5      | Reached XP level 8. HP: 56/56 MP: 8/8
  4259 | D:6      | Reached * piety under Okawaru
  4282 | D:6      | Reached skill level 9 in Crossbows
  4487 | D:6      | Found a glowing golden altar of the Shining One.
  4727 | D:6      | Noticed Charly's ghost (amateur VSAs)
  4732 | D:6      | Killed Charly's ghost
  4732 | D:6      | Reached skill level 10 in Crossbows
  4734 | D:6      | Found a deep blue altar of Sif Muna.
  5012 | D:6      | Reached ** piety under Okawaru
  5047 | D:7      | Reached XP level 9. HP: 39/61 MP: 9/9
  5750 | D:7      | Found a shadowy altar of Dithmenos.
  5978 | D:7      | Found a shimmering altar of Xom.
  5979 | D:7      | Found a burning altar of Makhleb.
  6050 | D:7      | Reached skill level 11 in Crossbows
  6488 | D:8      | Reached *** piety under Okawaru
  6839 | D:8      | Reached skill level 1 in Armour
  7149 | D:8      | Found a burning altar of Makhleb.
  7196 | D:8      | Found a basalt altar of Yredelemnul.
  7541 | D:8      | Found a blossoming altar of Fedhas.
  7658 | D:8      | Reached **** piety under Okawaru
  7658 | D:8      | Reached XP level 10. HP: 64/73 MP: 10/10
  7759 | D:8      | Found a glowing silver altar of Zin.
  7760 | D:8      | Found an opulent altar of Gozag.
  8541 | D:9      | Reached skill level 5 in Fighting
  8626 | D:10     | Entered Level 10 of the Dungeon
  8689 | D:9      | Killed from afar by a gargoyle

Action                   |  1- 3 |  4- 6 |  7- 9 | 10-12 || total
-------------------------+-------+-------+-------+-------++-------
Melee: Short sword       |    87 |   123 |   405 |    64 ||   679
       Demon whip        |       |       |       |    84 ||    84
 Fire: Hand crossbow     |    11 |       |   274 |    20 ||   305
Invok: Heroism           |       |       |       |     1 ||     1
  Use: Scroll            |       |     7 |     1 |       ||     8
